[Event "VI Floripa Open 2020"]
[Site "Florianopolis"]
[Date "2020.01.20"]
[Round "1.119"]
[White "Melo, Sergio Roberto Sampa"]
[Black "Warginowski, Leticia"]
[Result "1/2-1/2"]
[ECO "D30"]
[WhiteElo "1724"]
[BlackElo "1383"]
[Annotator "NA"]
[PlyCount "88"]
[EventDate "2020.01.20"]
[EventType "swiss"]
[EventRounds "10"]
[EventCountry "BRA"]
[SourceTitle "playchess.com"]
[Source "ChessBase"]
[SourceQuality "1"]
[TimeControl "5400+30"]

1. Nf3 d5 2. c4 e6 3. g3 Nf6 4. Bg2 Be7 5. O-O O-O 6. b3 c5 7. cxd5 exd5 8. d4 Ne4 9. Bb2 Bf6 10. Nbd2 Nc6 11. e3 Bg4 12. h3 Nxd2 13. Qxd2 Bxf3 14. Bxf3 cxd4 15. exd4 Qd7 16. Kg2 Rad8 17. Rac1 Qf5 18. Bg4 Qe4+ 19. Bf3 Qg6 20. Be2 Nxd4 21. Bxd4 Qe4+ 22. Bf3 Qxd4 23. Qxd4 Bxd4 24. Rcd1 Bc5 25. Bxd5 b6 26. Bc4 g6 27. f4 Kg7 28. Kf3 Rfe8 29. Rxd8 Rxd8 30. Re1 Rd2 31. Re2 Rxe2 32. Kxe2 f5 33. Kf3 Kf6 34. g4 h6 35. a4 a5 36. Bd3 h5 37. gxf5 gxf5 38. Kg3 Kg6 39. Bb5 Be7 40. Be8+ Kh6 41. Bd7 Kg6 42. Be8+ Kh6 43. Bd7 Kg6 44. Be8+ Kh6 1/2-1/2

[Event "VI Floripa Open 2020"]
[Site "Florianopolis"]
[Date "2020.01.20"]
[Round "1.120"]
[White "Moretto, Leticia Soares"]
[Black "Cardoso, Lucca Pimenta"]
[Result "0-1"]
[ECO "D37"]
[WhiteElo "1376"]
[BlackElo "1722"]
[Annotator "NA"]
[PlyCount "122"]
[EventDate "2020.01.20"]
[EventType "swiss"]
[EventRounds "10"]
[EventCountry "BRA"]
[SourceTitle "playchess.com"]
[Source "ChessBase"]
[SourceQuality "1"]
[TimeControl "5400+30"]

1. d4 d5 2. c4 e6 3. Nc3 Nf6 4. Bf4 c6 5. e3 Nbd7 6. Nf3 Be7 7. Be2 O-O 8. O-O dxc4 9. Bxc4 b5 10. Bb3 Bb7 11. a3 a6 12. Rc1 c5 13. dxc5 Nxc5 14. Bc2 Qb6 15. Qe2 Rac8 16. Rfd1 Rfd8 17. Rxd8+ Rxd8 18. Rd1 b4 19. axb4 Qxb4 20. Rxd8+ Bxd8 21. Qd2 Bb6 22. Ne5 Nd5 23. Nd3 Qa5 24. Nxc5 Bxc5 25. Bg3 Bb4 26. Be5 f6 27. e4 fxe5 28. exd5 exd5 29. Bb3 Kf8 30. Qd3 Bxc3 31. bxc3 Qa1+ 32. Bd1 Bc6 33. Qf5+ Ke7 34. Qxe5+ Kf7 35. Qd4 Qb1 36. h3 Qe4 37. Qxe4 dxe4 38. Bb3+ Kf6 39. Kf1 Ke5 40. Ke2 e3 41. f3 Kf4 42. c4 Kg3 43. Bc2 h6 44. Be4 Bd7 45. c5 Kxg2 46. c6 Bxh3 47. f4+ Kg1 48. f5 Bf1+ 49. Kxe3 Bb5 50. c7 Bd7 51. Bb7 Bxf5 52. Bxa6 g5 53. c8=Q Bxc8 54. Bxc8 Kg2 55. Bb7+ Kg3 56. Ke2 h5 57. Kf1 Kh2 58. Kf2 g4 59. Bg2 h4 60. Bf3 g3+ 61. Kf1 h3 0-1

[Event "VI Floripa Open 2020"]
[Site "Florianopolis"]
[Date "2020.01.20"]
[Round "1.121"]
[White "Davanso, Joao Pedro"]
[Black "Balbinotti, Rafael Tiago Busanel"]
[Result "1-0"]
[ECO "B13"]
[WhiteElo "1719"]
[BlackElo "1375"]
[Annotator "NA"]
[PlyCount "63"]
[EventDate "2020.01.20"]
[EventType "swiss"]
[EventRounds "10"]
[EventCountry "BRA"]
[SourceTitle "playchess.com"]
[Source "ChessBase"]
[SourceQuality "1"]
[TimeControl "5400+30"]

1. e4 c6 2. d4 d5 3. exd5 cxd5 4. Nf3 Bf5 5. Bb5+ Nc6 6. O-O Nf6 7. Ne5 Qc7 8. Bf4 Qb6 9. Ba4 Rc8 10. b3 e6 11. c4 dxc4 12. bxc4 Qb2 13. Qb3 Qxb3 14. axb3 Be7 15. Bxc6+ bxc6 16. Rxa7 Bc2 17. Nc3 Bxb3 18. Rb1 Bc2 19. Rb2 Bg6 20. Rbb7 Ng8 21. h3 f6 22. Nxg6 hxg6 23. Ne4 Rh4 24. g3 Rxh3 25. Nd6+ Bxd6 26. Bxd6 Rh7 27. Rf7 Rc7 28. Raxc7 Ne7 29. Rfxe7+ Kd8 30. Ra7 Rh1+ 31. Kxh1 c5 32. Ra8# 1-0

[Event "VI Floripa Open 2020"]
[Site "Florianopolis"]
[Date "2020.01.20"]
[Round "1.122"]
[White "Silva, Kelvyr Peres"]
[Black "Kim, Thiago"]
[Result "0-1"]
[ECO "B23"]
[WhiteElo "1374"]
[BlackElo "1717"]
[Annotator "NA"]
[PlyCount "144"]
[EventDate "2020.01.20"]
[EventType "swiss"]
[EventRounds "10"]
[EventCountry "BRA"]
[SourceTitle "playchess.com"]
[Source "ChessBase"]
[SourceQuality "1"]
[TimeControl "5400+30"]

1. e4 c5 2. Nc3 e6 3. d3 Nc6 4. f4 d5 5. Nf3 Nf6 6. Bd2 Be7 7. Be2 dxe4 8. dxe4 O-O 9. Rb1 b6 10. O-O Bb7 11. a3 Rc8 12. e5 Nd5 13. Bd3 Nxc3 14. Bxc3 Qc7 15. Be4 Rfd8 16. Qe1 Ba6 17. Rf2 Nd4 18. Bxd4 cxd4 19. Rd2 Bc4 20. Qg3 Bd5 21. Bd3 g6 22. Kh1 Bc6 23. Ba6 Rb8 24. Nxd4 b5 25. Qc3 Bc5 26. a4 Bxd4 27. Rxd4 Rxd4 28. Qxd4 bxa4 29. Bd3 Rd8 30. Qc3 Qb7 31. Qd2 Bb5 32. Qb4 a6 33. h3 Qd7 34. Rd1 Qc6 35. Rd2 Bxd3 36. Rxd3 Rxd3 37. cxd3 a5 38. Qd4 Kg7 39. Qc4 Qb6 40. Qa2 Qb3 41. Qa3 Qb4 42. f5 gxf5 43. Kh2 Kg6 44. Kg3 Qe1+ 45. Kf3 Qxe5 46. Qxa4 Qd5+ 47. Kf2 Qxd3 48. Qxa5 Qd4+ 49. Kf3 Qxb2 50. Qd8 Qb3+ 51. Kf2 Qc2+ 52. Kf3 Qe4+ 53. Kf2 Qf4+ 54. Ke2 Qe5+ 55. Kf2 f4 56. Qg8+ Qg7 57. Qa8 Qd4+ 58. Ke2 Qc4+ 59. Kf2 Qc2+ 60. Kf3 Qc3+ 61. Ke2 Qc4+ 62. Kf2 Qd4+ 63. Ke2 Qe3+ 64. Kf1 Kg7 65. Qd8 f3 66. Qd1 Qe2+ 67. Qxe2 fxe2+ 68. Kxe2 Kf6 69. Kf3 Ke5 70. Ke3 h5 71. h4 Kf5 72. Kf3 e5 0-1

[Event "VI Floripa Open 2020"]
[Site "Florianopolis"]
[Date "2020.01.20"]
[Round "1.123"]
[White "Pereira, Armando Scharlau"]
[Black "Reis, Caio Jose de Carvalh"]
[Result "1-0"]
[ECO "A48"]
[WhiteElo "1716"]
[BlackElo "1372"]
[Annotator "NA"]
[PlyCount "87"]
[EventDate "2020.01.20"]
[EventType "swiss"]
[EventRounds "10"]
[EventCountry "BRA"]
[SourceTitle "playchess.com"]
[Source "ChessBase"]
[SourceQuality "1"]
[TimeControl "5400+30"]

1. d4 Nf6 2. Nf3 d6 3. Bf4 g6 4. Nbd2 Bg7 5. e3 O-O 6. Be2 Nbd7 7. h3 c5 8. c3 b6 9. O-O Bb7 10. Qc2 Rc8 11. Rad1 Re8 12. Rfe1 Nh5 13. Bh2 cxd4 14. Nxd4 Nhf6 15. Bg3 Nc5 16. Bb5 Rf8 17. f3 a6 18. Bf1 e5 19. N4b3 Nh5 20. Bf2 f5 21. Nxc5 bxc5 22. Qb3+ Rf7 23. Nc4 d5 24. Nb6 c4 25. Bxc4 Rxc4 26. Nxc4 Qf6 27. Nb6 d4 28. Nd5 Qd6 29. c4 Bxd5 30. cxd5 dxe3 31. Qxe3 Rc7 32. Rc1 f4 33. Qb3 Rxc1 34. Rxc1 h6 35. Rc6 Qd7 36. Rxa6 Kh7 37. Qd3 Nf6 38. d6 h5 39. Ra7 Qc6 40. d7 e4 41. Qc3 Qd6 42. Qd4 Qc6 43. d8=Q Ng4 44. Qxg7# 1-0

[Event "VI Floripa Open 2020"]
[Site "Florianopolis"]
[Date "2020.01.20"]
[Round "1.124"]
[White "Lanznaster, Rafael"]
[Black "Peroza, Eduardo Antunes"]
[Result "0-1"]
[ECO "A26"]
[WhiteElo "1369"]
[BlackElo "1712"]
[Annotator "NA"]
[PlyCount "90"]
[EventDate "2020.01.20"]
[EventType "swiss"]
[EventRounds "10"]
[EventCountry "BRA"]
[SourceTitle "playchess.com"]
[Source "ChessBase"]
[SourceQuality "1"]
[TimeControl "5400+30"]

1. c4 e5 2. Nc3 g6 3. g3 Bg7 4. Bg2 Ne7 5. Nf3 Nbc6 6. O-O O-O 7. d3 d6 8. Rb1 f5 9. a3 h6 10. Qc2 g5 11. b4 g4 12. Nd2 f4 13. Nce4 Nf5 14. Bb2 Ncd4 15. Bxd4 Nxd4 16. Qd1 f3 17. exf3 gxf3 18. Nxf3 Bg4 19. Ned2 Qf6 20. Ne4 Nxf3+ 21. Bxf3 Qxf3 22. Qxf3 Rxf3 23. Rbd1 a5 24. b5 Bf5 25. Rfe1 Bxe4 26. Rxe4 Rd8 27. Kg2 Rf7 28. Rg4 Kf8 29. a4 d5 30. c5 Bf6 31. Rg6 Be7 32. c6 bxc6 33. Rxc6 Bd6 34. Ra6 Ke7 35. Rxa5 Rdf8 36. Rf1 Rf3 37. Ra7 Rxf2+ 38. Rxf2 Rxf2+ 39. Kh3 Rb2 40. Rb7 e4 41. dxe4 dxe4 42. a5 e3 43. a6 e2 44. a7 e1=Q 45. a8=Q Qe6+ 0-1

[Event "VI Floripa Open 2020"]
[Site "Florianopolis"]
[Date "2020.01.20"]
[Round "1.125"]
[White "Moritz, Diego Homrich"]
[Black "Mendes, Ana Beatriz Dias Gui"]
[Result "1-0"]
[ECO "C68"]
[WhiteElo "1700"]
[BlackElo "1362"]
[Annotator "NA"]
[PlyCount "64"]
[EventDate "2020.01.20"]
[EventType "swiss"]
[EventRounds "10"]
[EventCountry "BRA"]
[SourceTitle "playchess.com"]
[Source "ChessBase"]
[SourceQuality "1"]
[TimeControl "5400+30"]

1. e4 e5 2. Nf3 Nc6 3. Bb5 a6 4. Bxc6 dxc6 5. d4 exd4 6. Qxd4 Qxd4 7. Nxd4 Bc5 8. Be3 Nf6 9. c3 Bd7 10. Nd2 O-O-O 11. N2b3 Bb6 12. O-O-O c5 13. Nf5 Bxf5 14. exf5 c4 15. Nd4 c5 16. Ne2 Rhe8 17. Rxd8+ Bxd8 18. Kd2 Re5 19. g4 Bb6 20. a3 Rd5+ 21. Ke1 h5 22. h3 Bc7 23. Nf4 Bxf4 24. Bxf4 b5 25. Ke2 b4 26. Rd1 Rxd1 27. Kxd1 Nd5 28. Bd2 hxg4 29. hxg4 Kd7 30. Ke2 Kd6 31. Kf3 Ke5 32. Be1 Kd6 1-0

[Event "VI Floripa Open 2020"]
[Site "Florianopolis"]
[Date "2020.01.20"]
[Round "1.126"]
[White "Pimentel, Lucas dos Santos"]
[Black "Dos Santos, Guilherme Fortes"]
[Result "0-1"]
[ECO "D02"]
[WhiteElo "1353"]
[BlackElo "1698"]
[Annotator "NA"]
[PlyCount "90"]
[EventDate "2020.01.20"]
[EventType "swiss"]
[EventRounds "10"]
[EventCountry "BRA"]
[SourceTitle "playchess.com"]
[Source "ChessBase"]
[SourceQuality "1"]
[TimeControl "5400+30"]

1. d4 d5 2. Bf4 Nf6 3. e3 Bf5 4. Nf3 Nbd7 5. Bd3 Bg6 6. h3 e6 7. O-O Be7 8. Bxg6 hxg6 9. Nbd2 O-O 10. c4 c6 11. c5 b6 12. cxb6 axb6 13. Qc2 c5 14. Bh2 Qc8 15. Rfc1 Qa6 16. Nb1 Rfc8 17. Nc3 b5 18. dxc5 b4 19. Nd1 Nxc5 20. Qd2 Nd3 21. Rxc8+ Rxc8 22. b3 Ne4 23. Qe2 Rc6 24. Nd4 Bf6 25. Nxc6 Bxa1 26. Be5 Nc3 27. Bxc3 bxc3 28. Ne5 Nb4 29. Qxa6 Nxa6 30. Nxc3 Bxc3 31. Nd7 f6 32. Kf1 Kf7 33. Nb6 Ke7 34. Ke2 Nc5 35. Nc8+ Kd7 36. Na7 Ba5 37. Nb5 Kc6 38. Nd4+ Kd7 39. a3 Bc3 40. Nb5 Bb2 41. b4 Na6 42. Kd3 Kc6 43. Nd4+ Bxd4 44. exd4 Kb5 45. Kc3 Ka4 0-1

[Event "VI Floripa Open 2020"]
[Site "Florianopolis"]
[Date "2020.01.20"]
[Round "1.127"]
[White "Silva, Guilherme Henrique D"]
[Black "Morato, Saulo Duenas"]
[Result "1-0"]
[ECO "D11"]
[WhiteElo "1697"]
[BlackElo "1353"]
[Annotator "NA"]
[PlyCount "59"]
[EventDate "2020.01.20"]
[EventType "swiss"]
[EventRounds "10"]
[EventCountry "BRA"]
[SourceTitle "playchess.com"]
[Source "ChessBase"]
[SourceQuality "1"]
[TimeControl "5400+30"]

1. d4 d5 2. c4 c6 3. Nf3 Nf6 4. g3 Bg4 5. Bg2 a6 6. b3 e6 7. O-O Be7 8. Bb2 Nbd7 9. Nbd2 O-O 10. Rc1 Rc8 11. Re1 b5 12. e3 Ne4 13. h3 Bh5 14. Qc2 Bb4 15. a3 Bxf3 16. axb4 Nxd2 17. Qxd2 Bh5 18. e4 dxe4 19. Bxe4 Nf6 20. Bg2 Re8 21. Ra1 Qb6 22. Ra2 Red8 23. Rea1 Ra8 24. cxb5 cxb5 25. Bf1 Qc6 26. Rxa6 Rxa6 27. Rxa6 Qb7 28. Ra1 e5 29. Bg2 Qb6 30. Rc1 {Ilegivel} 1-0

[Event "VI Floripa Open 2020"]
[Site "Florianopolis"]
[Date "2020.01.20"]
[Round "1.128"]
[White "Elesbao, Bernardo Dartora"]
[Black "Gomes, Marco Tulio Caldeira"]
[Result "1-0"]
[ECO "B44"]
[WhiteElo "1352"]
[BlackElo "1693"]
[Annotator "NA"]
[PlyCount "73"]
[EventDate "2020.01.20"]
[EventType "swiss"]
[EventRounds "10"]
[EventCountry "BRA"]
[SourceTitle "playchess.com"]
[Source "ChessBase"]
[SourceQuality "1"]
[TimeControl "5400+30"]

1. e4 c5 2. Nf3 Nc6 3. d4 cxd4 4. Nxd4 e6 5. Nb5 d6 6. c4 a6 7. N5c3 Nf6 8. Bd3 Be7 9. O-O O-O 10. Be3 Qc7 11. f4 Nb4 12. Be2 Bd7 13. a3 Nc6 14. b4 b6 15. Nd2 Bc8 16. Na4 Rb8 17. Rc1 Nd7 18. Nb3 Rd8 19. b5 Na5 20. Bd2 Nxb3 21. Qxb3 a5 22. Qg3 Bf6 23. f5 Be5 24. Bf4 Nf6 25. Bxe5 dxe5 26. fxe6 Nxe4 27. Qg4 Bxe6 28. Qxe4 Rd4 29. Qc6 Qd8 30. Rcd1 Bd7 31. Rxd4 exd4 32. Qd5 Qe7 33. Qxd4 Qxe2 34. Qxd7 Qxc4 35. Nxb6 Qc5+ 36. Kh1 Rxb6 37. Qxf7+ 1-0

[Event "VI Floripa Open 2020"]
[Site "Florianopolis"]
[Date "2020.01.20"]
[Round "1.129"]
[White "Feller, Gabriela Luisa Vicen"]
[Black "De Lima, Lucas Taveira"]
[Result "1-0"]
[ECO "C47"]
[WhiteElo "1691"]
[BlackElo "1341"]
[Annotator "NA"]
[PlyCount "89"]
[EventDate "2020.01.20"]
[EventType "swiss"]
[EventRounds "10"]
[EventCountry "BRA"]
[SourceTitle "playchess.com"]
[Source "ChessBase"]
[SourceQuality "1"]
[TimeControl "5400+30"]

1. e4 e5 2. Nf3 Nc6 3. d4 exd4 4. Nxd4 Bc5 5. Be3 Bb6 6. Bc4 Nf6 7. Nc3 O-O 8. O-O d6 9. f3 Ne5 10. Bb3 Bd7 11. Qe1 Re8 12. Rd1 a5 13. a3 Nc6 14. Kh1 Qe7 15. Nxc6 bxc6 16. Bxb6 cxb6 17. Qd2 Nh5 18. Qxd6 Rad8 19. Qxe7 Rxe7 20. Na4 b5 21. Nc5 a4 22. Ba2 Nf6 23. Rd2 Kf8 24. Rfd1 Ke8 25. Rd4 Re5 26. Nxd7 Rxd7 27. Rxd7 Nxd7 28. Bxf7+ Ke7 29. Ba2 Rc5 30. Rd2 Nb6 31. Kg1 Nc4 32. Bxc4 Rxc4 33. c3 c5 34. Kf2 b4 35. cxb4 cxb4 36. axb4 Rxb4 37. Ke3 Rb6 38. Kd3 Rc6 39. Rc2 Rb6 40. Rd2 Ke6 41. Kc3 Ke5 42. Rd5+ Kf6 43. Ra5 Rb3+ 44. Kc2 Rb4 45. e5+ 1-0

[Event "VI Floripa Open 2020"]
[Site "Florianopolis"]
[Date "2020.01.20"]
[Round "1.130"]
[White "Calcada, Henrique Galvan"]
[Black "Dos Anjos, Diovana Ferreira"]
[Result "0-1"]
[ECO "A05"]
[WhiteElo "1322"]
[BlackElo "1691"]
[Annotator "NA"]
[PlyCount "100"]
[EventDate "2020.01.20"]
[EventType "swiss"]
[EventRounds "10"]
[EventCountry "BRA"]
[SourceTitle "playchess.com"]
[Source "ChessBase"]
[SourceQuality "1"]
[TimeControl "5400+30"]

1. Nf3 b5 2. g3 Bb7 3. Bg2 e6 4. O-O Nf6 5. c3 c5 6. Qb3 a6 7. d4 h6 8. Bf4 Nd5 9. Bc1 c4 10. Qc2 Nf6 11. Nbd2 d6 12. a4 Nbd7 13. Re1 Be7 14. e4 O-O 15. e5 Ne8 16. h3 f5 17. exd6 Nxd6 18. Rxe6 Ne4 19. axb5 axb5 20. Rxa8 Bxa8 21. Ne5 Bg5 22. f4 Nxe5 23. dxe5 Qc8 24. Rb6 Qc5+ 25. Kh2 Qxb6 26. fxg5 hxg5 27. Nf1 Qe6 28. Nd2 Qxe5 29. Nxe4 Bxe4 30. Bxe4 fxe4 31. Qe2 Rf3 32. Qe1 e3 33. Kg2 Rf2+ 34. Qxf2 exf2 35. Kxf2 Qf5+ 36. Kg1 Qxh3 37. Kf2 g4 38. Bf4 Qh2+ 39. Ke3 Qxb2 40. Kd4 b4 41. Kxc4 Qxc3+ 42. Kd5 b3 43. Ke4 b2 44. Be5 Qc4+ 45. Kf5 b1=Q+ 46. Kg5 Qd5 47. Kf4 Qbe4+ 48. Kg5 Qdxe5+ 49. Kh4 Qf6+ 50. Kh5 Qeg6# 0-1

[Event "VI Floripa Open 2020"]
[Site "Florianopolis"]
[Date "2020.01.20"]
[Round "1.131"]
[White "Damasceno, Enzo De Carvalho"]
[Black "Buiar, Maria Eduarda Berald"]
[Result "1-0"]
[ECO "A45"]
[WhiteElo "1687"]
[BlackElo "1322"]
[Annotator "NA"]
[PlyCount "85"]
[EventDate "2020.01.20"]
[EventType "swiss"]
[EventRounds "10"]
[EventCountry "BRA"]
[SourceTitle "playchess.com"]
[Source "ChessBase"]
[SourceQuality "1"]
[TimeControl "5400+30"]

1. d4 Nf6 2. Bg5 g6 3. Bxf6 exf6 4. c4 Bg7 5. Nc3 d6 6. e3 Nd7 7. g3 O-O 8. Bg2 Re8 9. Nge2 c5 10. O-O Rb8 11. Qd3 cxd4 12. Nxd4 Ne5 13. Qe2 Bg4 14. f3 Be6 15. Nxe6 Rxe6 16. e4 Qc7 17. b3 Nc6 18. Qd2 a6 19. Rad1 b5 20. Bh3 Ree8 21. Qxd6 Qb7 22. Bd7 Red8 23. Qxc6 Qa7+ 24. c5 f5 25. Nd5 Rb7 26. Bc8 Rxc8 27. Qxc8+ Bf8 28. b4 Rb8 29. Qc7 Rb7 30. Nf6+ Kg7 31. Qe5 Re7 32. Qc3 Re6 33. Nd7+ f6 34. Nxf8 Kxf8 35. Rd8+ Kf7 36. Rfd1 Re7 37. Qb3+ Kg7 38. Qg8+ Kh6 39. Qf8+ Kg5 40. h4+ Kh5 41. Qxf6 Kh6 42. Rg8 Rb7 43. Qg5# 1-0

[Event "VI Floripa Open 2020"]
[Site "Florianopolis"]
[Date "2020.01.20"]
[Round "1.132"]
[White "Campagnolo, Bruna"]
[Black "Carneiro, Claudionor Chaves"]
[Result "0-1"]
[ECO "C01"]
[WhiteElo "1317"]
[BlackElo "1680"]
[Annotator "NA"]
[PlyCount "72"]
[EventDate "2020.01.20"]
[EventType "swiss"]
[EventRounds "10"]
[EventCountry "BRA"]
[SourceTitle "playchess.com"]
[Source "ChessBase"]
[SourceQuality "1"]
[TimeControl "5400+30"]

1. e4 e6 2. Nc3 Bb4 3. d4 d5 4. exd5 exd5 5. Nf3 Bg4 6. Be2 Nc6 7. O-O Nge7 8. Re1 Qd7 9. h3 Bh5 10. Bf4 f6 11. Bh2 O-O-O 12. Qd2 g5 13. a3 Ba5 14. Red1 Bg6 15. b4 Bb6 16. Bb5 a6 17. Ba4 g4 18. Nh4 gxh3 19. g3 Qg4 20. Ne2 Nf5 21. Nxf5 Bxf5 22. Bxc6 bxc6 23. c3 Qf3 24. Nf4 Be4 25. Kf1 Rhe8 26. Bg1 Qg2+ 27. Ke2 Bf5+ 28. Qe3 Rxe3+ 29. Kxe3 Qe4+ 30. Kd2 Qc2+ 31. Ke3 Qxc3+ 32. Ke2 Bg4+ 33. Kf1 Qc4+ 34. Rd3 Bxd4 35. f3 Bf5 36. Bxd4 Bxd3+ 0-1

[Event "VI Floripa Open 2020"]
[Site "Florianopolis"]
[Date "2020.01.20"]
[Round "1.133"]
[White "De Oliveira Filho, Fernando F"]
[Black "Borba Da Rosa, Rodrigo"]
[Result "0-1"]
[ECO "C10"]
[WhiteElo "1680"]
[BlackElo "1294"]
[Annotator "NA"]
[PlyCount "96"]
[EventDate "2020.01.20"]
[EventType "swiss"]
[EventRounds "10"]
[EventCountry "BRA"]
[SourceTitle "playchess.com"]
[Source "ChessBase"]
[SourceQuality "1"]
[TimeControl "5400+30"]

1. d4 e6 2. e4 d5 3. Nc3 dxe4 4. Nxe4 Nc6 5. Nf3 Nf6 6. Bd3 Nxe4 7. Bxe4 Bb4+ 8. c3 Ba5 9. O-O Bd7 10. Bg5 f6 11. Nh4 Ne7 12. Qh5+ Kf8 13. f4 Be8 14. Qf3 h6 15. Bxf6 gxf6 16. Bxb7 Rb8 17. b4 c6 18. Ba6 Bc7 19. Bc4 Nd5 20. Qe4 f5 21. Qxe6 Qxh4 22. Qxf5+ Qf6 23. Qd3 Bg6 24. Qd2 Kg7 25. g3 Rhe8 26. Rfe1 Rxe1+ 27. Rxe1 Re8 28. Rxe8 Bxe8 29. Qe1 Qe7 30. Qxe7+ Nxe7 31. Kf2 Nd5 32. Bxd5 cxd5 33. Kf3 a5 34. a3 axb4 35. axb4 h5 36. h3 Bd7 37. g4 hxg4+ 38. hxg4 Kf6 39. Kg3 Kg6 40. Kf3 Bd8 41. Kg3 Be7 42. Kh3 Bb5 43. Kg3 Bf1 44. Kf2 Bd3 45. Ke3 Be4 46. c4 Bxb4 47. cxd5 Bxd5 48. Kd3 Ba3 0-1

[Event "VI Floripa Open 2020"]
[Site "Florianopolis"]
[Date "2020.01.20"]
[Round "1.134"]
[White "Born, Ary"]
[Black "Fante, Gabriel"]
[Result "0-1"]
[ECO "A48"]
[WhiteElo "1282"]
[BlackElo "1673"]
[Annotator "NA"]
[PlyCount "84"]
[EventDate "2020.01.20"]
[EventType "swiss"]
[EventRounds "10"]
[EventCountry "BRA"]
[SourceTitle "playchess.com"]
[Source "ChessBase"]
[SourceQuality "1"]
[TimeControl "5400+30"]

1. d4 Nf6 2. Bf4 g6 3. Nf3 Bg7 4. e3 c5 5. c3 O-O 6. Be2 Qb6 7. Nbd2 Qxb2 8. Nb3 Qxc3+ 9. Nfd2 cxd4 10. Be5 Nc6 11. Rc1 Qb4 12. Rc4 Qb6 13. Bxd4 Nxd4 14. Rxd4 d6 15. Nc4 Qd8 16. h3 Be6 17. O-O Rc8 18. g4 Nd7 19. Nxd6 Bxb3 20. Qxb3 exd6 21. Rxd6 Qc7 22. Rfd1 Nc5 23. Qd5 b6 24. Kf1 Qe7 25. g5 Qe4 26. Bf3 Qxd5 27. R6xd5 f6 28. Bg4 Rce8 29. Rd8 Rxd8 30. Ke2 Rxd1 31. Kxd1 fxg5 32. Ke2 Kf7 33. Bf3 Ke6 34. Bc6 Kd6 35. Bg2 Ke5 36. f3 Rd8 37. e4 Kf4 38. Bh1 Bc3 39. a4 Rd2+ 40. Kf1 Kg3 41. e5 Rf2+ 42. Kg1 Bd4 0-1

[Event "VI Floripa Open 2020"]
[Site "Florianopolis"]
[Date "2020.01.20"]
[Round "1.135"]
[White "Wilberger, Marcelo"]
[Black "Neuenfeld, Eduarda"]
[Result "1-0"]
[ECO "E11"]
[WhiteElo "1673"]
[BlackElo "1277"]
[Annotator "NA"]
[PlyCount "41"]
[EventDate "2020.01.20"]
[EventType "swiss"]
[EventRounds "10"]
[EventCountry "BRA"]
[SourceTitle "playchess.com"]
[Source "ChessBase"]
[SourceQuality "1"]
[TimeControl "5400+30"]

1. d4 d5 2. c4 c6 3. Nf3 e6 4. g3 Nf6 5. Bg2 Bb4+ 6. Bd2 Bxd2+ 7. Nbxd2 O-O 8. O-O b6 9. Qc2 Nbd7 10. e4 Nxe4 11. Nxe4 dxe4 12. Qxe4 Bb7 13. Rfd1 Nf6 14. Qc2 Qc7 15. c5 Nd5 16. Rac1 Rfd8 17. Ne5 b5 18. Be4 h6 19. Bh7+ Kh8 20. Bg6 Rf8 21. Bxf7 1-0

[Event "VI Floripa Open 2020"]
[Site "Florianopolis"]
[Date "2020.01.20"]
[Round "1.136"]
[White "Quadra, Derek Erdmann"]
[Black "Correa, Joao Pedro Vieira"]
[Result "0-1"]
[ECO "D43"]
[WhiteElo "1275"]
[BlackElo "1665"]
[Annotator "NA"]
[PlyCount "84"]
[EventDate "2020.01.20"]
[EventType "swiss"]
[EventRounds "10"]
[EventCountry "BRA"]
[SourceTitle "playchess.com"]
[Source "ChessBase"]
[SourceQuality "1"]
[TimeControl "5400+30"]

1. d4 Nf6 2. Bf4 e6 3. c4 d5 4. Nc3 c6 5. Nf3 Bd6 6. Bxd6 Qxd6 7. c5 Qc7 8. Qc2 Nbd7 9. e4 dxe4 10. Nxe4 Nxe4 11. Qxe4 b6 12. b4 a5 13. Ne5 Nxe5 14. dxe5 axb4 15. Bb5 Bb7 16. Bc4 bxc5 17. O-O O-O 18. Rfc1 Ra5 19. Rc2 Rd8 20. h4 Rd4 21. Qe3 Rxh4 22. Rd1 Rd4 23. Rxd4 cxd4 24. Qxd4 Rxe5 25. Rd2 Re1+ 26. Bf1 h6 27. Qxb4 Ba6 28. Rd8+ Qxd8 29. Qxe1 Bxf1 30. Qxf1 Qd4 31. Qa6 c5 32. a4 c4 33. a5 c3 34. Kh2 Qf4+ 35. Kh3 Qf5+ 36. g4 Qf3+ 37. Kh2 Qxf2+ 38. Kh3 c2 39. Qc4 Qf3+ 40. Kh2 Qf2+ 41. Kh3 Qe3+ 42. Kg2 c1=Q 0-1

[Event "VI Floripa Open 2020"]
[Site "Florianopolis"]
[Date "2020.01.20"]
[Round "1.137"]
[White "Formolo, Rafael Marcos"]
[Black "De Carvalho, Vitor Augusto Poncia"]
[Result "1-0"]
[ECO "B38"]
[WhiteElo "1665"]
[BlackElo "1272"]
[Annotator "NA"]
[PlyCount "65"]
[EventDate "2020.01.20"]
[EventType "swiss"]
[EventRounds "10"]
[EventCountry "BRA"]
[SourceTitle "playchess.com"]
[Source "ChessBase"]
[SourceQuality "1"]
[TimeControl "5400+30"]

1. e4 c5 2. Nf3 Nc6 3. d4 cxd4 4. Nxd4 d6 5. c4 g6 6. Nc3 Bg7 7. Be3 Nf6 8. Be2 O-O 9. O-O Bd7 10. Qd2 Re8 11. Rac1 Ng4 12. Bxg4 Bxg4 13. f3 Bd7 14. Rfd1 b6 15. Nde2 Rc8 16. b3 Qc7 17. a3 Nb8 18. Qa2 Bc6 19. b4 Na6 20. Rd2 Red8 21. Nd4 Ra8 22. Nxc6 Qxc6 23. Nd5 Rd7 24. Rdc2 Rb8 25. Qb3 h5 26. Qd3 Qc7 27. a4 Qc6 28. a5 bxa5 29. b5 Qc8 30. Bxa7 Nc5 31. Qa3 Rxa7 32. b6 Ra6 33. Nxe7+ 1-0

[Event "VI Floripa Open 2020"]
[Site "Florianopolis"]
[Date "2020.01.20"]
[Round "1.139"]
[White "Parreira, Teodora Ribeiro"]
[Black "Steuck, Camilli"]
[Result "1-0"]
[ECO "C50"]
[WhiteElo "1660"]
[BlackElo "1269"]
[Annotator "NA"]
[PlyCount "55"]
[EventDate "2020.01.20"]
[EventType "swiss"]
[EventRounds "10"]
[EventCountry "BRA"]
[SourceTitle "playchess.com"]
[Source "ChessBase"]
[SourceQuality "1"]
[TimeControl "5400+30"]

1. e4 e5 2. Nf3 Nc6 3. d4 exd4 4. Bc4 h6 5. O-O Bc5 6. c3 d3 7. Qxd3 d6 8. Bf4 Qf6 9. Be3 Bxe3 10. Qxe3 Nge7 11. Na3 a6 12. Nc2 O-O 13. Ncd4 Nxd4 14. cxd4 Nc6 15. h3 Re8 16. Rfe1 Bd7 17. Rac1 Rac8 18. e5 Qe7 19. Qf4 Qf8 20. a3 b5 21. Ba2 Nb8 22. Rc3 dxe5 23. Nxe5 Re7 24. Ree3 Be6 25. Ng6 fxg6 26. Bxe6+ Rxe6 27. Qxf8+ Rxf8 28. Rxe6 1-0

[Event "VI Floripa Open 2020"]
[Site "Florianopolis"]
[Date "2020.01.20"]
[Round "1.140"]
[White "Fonseca, Rogerio da Silva"]
[Black "Setti, Dalmarino"]
[Result "0-1"]
[ECO "D00"]
[WhiteElo "1260"]
[BlackElo "1658"]
[Annotator "NA"]
[PlyCount "72"]
[EventDate "2020.01.20"]
[EventType "swiss"]
[EventRounds "10"]
[EventCountry "BRA"]
[SourceTitle "playchess.com"]
[Source "ChessBase"]
[SourceQuality "1"]
[TimeControl "5400+30"]

1. e4 d5 2. d4 dxe4 3. Nc3 Nf6 4. Be3 Bg4 5. Qd2 e6 6. a3 Nbd7 7. Bc4 Nb6 8. Ba2 Be7 9. Nge2 Qd7 10. O-O O-O 11. Ng3 Nbd5 12. h3 Nxe3 13. fxe3 Bf5 14. Nxf5 exf5 15. Ne2 Bd6 16. c4 c6 17. b4 Rad8 18. Rf2 Nh5 19. Raf1 g6 20. c5 Bb8 21. Qc3 Ng3 22. Nxg3 Bxg3 23. Rd2 Qe7 24. Qc2 Qg5 25. Qc3 f4 26. exf4 Bxf4 27. Rdf2 Be3 28. Qe1 Rxd4 29. Kh1 Bxf2 30. Qxf2 Rd2 31. Bxf7+ Kg7 32. Qg1 Rxf7 33. Rxf7+ Kxf7 34. Qf1+ Kg7 35. g4 Qe3 36. Qa1+ Qd4 0-1